 Dungeon Crawl Stone Soup version 0.24-a0-630-g0d56a851f4 (console) character file.

Game seed: 13044645575039411040, levelgen mode: deterministic

24 Engwar the Chucker (level 2, -2/27 HPs)
             Began as a Troll Hunter on Sept 19, 2019.
             Slain by a goblin
             ... wielding a +0 dagger
             ... led by Robin
              (3 damage)
             ... on level 2 of the Dungeon.
             The game lasted 00:02:10 (287 turns).

Engwar the Chucker (Troll Hunter)                    Turns: 287, Time: 00:02:11

Health: -2/27      AC:  6    Str: 19    XL:     2   Next: 79%
Magic:  1/1        EV: 10    Int:  7    God:
Gold:   13         SH:  0    Dex: 10    Spells: 1/1 levels left

rFire    . . .     SeeInvis .   a - +0 short sword
rCold    . . .     Gourm    +   (no shield)
rNeg     . . .     Faith    .   b - +0 robe
rPois    .         Spirit   .   (helmet restricted)
rElec    .         Reflect  .   (no cloak)
rCorr    .         Harm     .   (gloves unavailable)
MR       .....                  (boots unavailable)
Stlth    +.........             (no amulet)
HPRegen  0.49/turn              (no ring)
MPRegen  0.07/turn              (no ring)

@: no status effects
A: large, unfitting armour, claws 3, fast metabolism 3, gourmand, regeneration
1, shaggy fur 1, tough skin 3
a: no special abilities


You were on level 2 of the Dungeon.
You were not hungry.

You visited 1 branch of the dungeon, and saw 2 of its levels.

You collected 13 gold pieces.

Inventory:

Hand Weapons
 a - a +0 short sword (weapon)
Missiles
 c - 5 large rocks
 d - 2 throwing nets
 g - 49 stones (quivered)
Armour
 b - a +0 robe (worn)
Potions
 e - a potion of lignification {unknown}
 h - a potion of brilliance {unknown}
Comestibles
 f - 3 rations


   Skills:
 - Level 1.5 Fighting
 - Level 3.6 Throwing
 - Level 1.5 Dodging
 - Level 0.3 Stealth
 + Level 2.5 Unarmed Combat


You had one spell level left.
You didn't know any spells.
Your spell library was empty.

Dungeon Overview and Level Annotations

Branches:
Dungeon (1/15)

Altars:

Annotations:
D:2 Robin


Innate Abilities, Weirdness & Mutations

You are too large for most types of armour.
You have claws for hands.
Your metabolism is lightning-fast.
You like to eat raw meat.
Your natural rate of healing is unusually fast.
You are covered in fur. (AC +1)
You have extremely tough skin. (AC +3)


Message History

Robin roars a battlecry!
The goblins go into a battle-frenzy!
The goblin barely misses you.
You hit the goblin.
You kill the goblin!
The goblin hits you but does no damage. The goblin barely misses you.
Robin hits you but does no damage. The goblin hits you with a +0 club.
* * * LOW HITPOINT WARNING * * *
The goblin barely misses you. Robin throws the goblin at you!
* * * LOW HITPOINT WARNING * * *
The goblin hits you with a +0 club.
* * * LOW HITPOINT WARNING * * *
Items here: ) ††† a +0 club; a goblin corpse x3
You hit the goblin.
The goblin is heavily wounded.
The goblin hits you.
* * * LOW HITPOINT WARNING * * *
The goblin hits you with a +0 dagger.
You die...

###### #....
#####....
#.......
+......#
#......#
#....g.#
#...)gg#
######@#
######g####.#
#.)...†.......
######?.....#.
#......#
.......#
.......#
.......#
........#
).....#


You could see Robin and 3 goblins.

Vanquished Creatures
  An ooze (D:1)
  A leopard gecko (D:2)
  7 goblins
  4 hobgoblins
  2 kobolds (D:1)
  A bat (D:1)
  A rat (D:2)
17 creatures vanquished.

Notes
Turn   | Place    | Note
-------+----------+-------------------------------------------
     0 | D:1      | Engwar the Troll Hunter began the quest for the Orb.
     0 | D:1      | Reached XP level 1. HP: 19/19 MP: 0/0
    79 | D:1      | Reached skill level 1 in Unarmed Combat
    94 | D:1      | Reached XP level 2. HP: 20/27 MP: 1/1
   232 | D:1      | You fall into a shaft and drop 1 floor!
   274 | D:2      | Noticed Robin
   287 | D:2      | HP: 1/27 [goblin[Robin] (1)]
   287 | D:2      | Slain by a goblin

Levels and vault maps discovered:
D:1:      nzn_arrival_depleted_hourglass, layout_rooms, minmay_misc_feat_iff,
          chequers_serial_rivers_room_a
D:2:      cheibrodos_old_hovel, layout_basic, zin_statuary,
          nicolae_overflow_crystal_walls, grunt_temple_overflow_open,
          uniq_robin, uniq_terence

Skill      XL: |  1  2 |
---------------+-------+-----
Unarmed Combat | 1 2 |  2.5
Fighting       | |  1.5
Throwing       | |  3.6
Dodging        | |  1.5
Stealth        | |  0.3

Action                   || total
-------------------------++-------
Melee: Short sword       ||    52
Throw: Stone             ||     7
  Eat: Chunk             ||     1
Armor: Robe              ||    20
Dodge: Dodged            ||    45

Table legend:
 A = Non-vault XP
 B = Vault XP
 C = Vault XP percentage of total XP
 D = Non-vault monster count
 E = Vault monster count
 F = Vault count percentage of total count
                 A         B        C        D         E       F
            +---------+---------+-------+---------+---------+-------
      Total |      21 |      14 |  40.0 |       9 |       8 |  47.1
            +---------+---------+-------+---------+---------+-------
        D:1 |      15 |       0 |   0.0 |       6 |       0 |   0.0
        D:2 |       6 |      14 |  70.0 |       3 |       8 |  72.7
            +---------+---------+-------+---------+---------+-------
